 Dungeon Crawl Stone Soup version 0.14-a0-1817-gb992dfe (webtiles) character file.

6718 Piginabag the Quickloader (level 10, -5/88 HPs)
             Began as a Minotaur Hunter on Jan 9, 2014.
             Was a High Priest of Nemelex Xobeh.
             Killed from afar by a vapour (28 damage)
             ... with a bolt of lightning
             ... summoned by the player character
             ... on Level 9 of the Dungeon.
             The game lasted 00:40:25 (9398 turns).

Piginabag the Quickloader (Minotaur Hunter)         Turns: 9398, Time: 00:40:28

HP  -5/88        AC 12     Str 20      XL: 10   Next: 61%
MP  15/15        EV  7     Int 10      God: Nemelex Xobeh [*****.]
Gold 495         SH  0     Dex 11      Spells:  0 memorised,  9 levels left

rFire  . . .     SeeInvis .     l - ornate deck of summonings {drawn: 7}
rCold  + . .     Clarity  .     E - +2 chain mail of the Blacksmith {rC+ MR++ Int+2 Dam+2}
rNeg   . . .     Conserve .     (no shield)
rPois  .         rCorr    .     (helmet restricted)
rElec  .         rRot     .     (no cloak)
SustAb . .       Spirit   .     a - +0 pair of gloves
rMut   .         Warding  .     C - +0 pair of boots
Saprov . . .     Stasis   .     (no amulet)
                                (no ring)
                                r - +0,+6 ring of slaying

@: very resistant to hostile enchantments, extremely unstealthy
A: retaliatory headbutt, horns 2
a: Draw One, Peek at Two, Triple Draw, Deal Four, Stack Five, Renounce Religion


You were on level 9 of the Dungeon.
You worshipped Nemelex Xobeh.
Nemelex Xobeh was extremely pleased with you.
You were not hungry.

You visited 1 branch of the dungeon, and saw 9 of its levels.

You collected 495 gold pieces.

Inventory:

Hand weapons
 b - a +1,+1 crossbow
 w - a +2,+0 elven spear
Missiles
 c - 32 bolts
 O - 2 curare-tipped needles
Armour
 a - a +0 pair of gloves (worn)
 C - a +0 pair of boots (worn)
 E - the +2 chain mail of the Blacksmith (worn) {rC+ MR++ Int+2 Dam+2}
   (You found it on level 5 of the Dungeon)

   It affects your intelligence (+2).
   It affects your damage-dealing abilities (+2).
   It protects you from cold.
   It affects your resistance to hostile enchantments.
Magical devices
 D - a wand of digging (9)
Comestibles
 i - 3 meat rations
 j - 2 pears
 k - 2 apples
 x - 18 cheeses
 z - a lemon
 I - 2 chokos
 L - 2 bread rations
Scrolls
 d - a scroll of amnesia {unknown}
 e - 2 scrolls of remove curse
 f - 2 scrolls of enchant weapon II {unknown}
 n - 4 scrolls of teleportation
 q - 2 scrolls of noise
 y - 7 scrolls of identify
 B - a scroll of recharging {unknown}
 P - a scroll of blinking
Jewellery
 g - an uncursed amulet of faith {unknown}
 r - a +0,+6 ring of slaying (left hand)
 s - an uncursed ring of wizardry
 G - an uncursed ring of protection from magic {unknown}
 M - a cursed ring of hunger {unknown}
Potions
 h - 2 potions of might
 m - 8 potions of curing
 t - a potion of restore abilities
 u - a potion of decay {unknown}
 H - a potion of flight {unknown}
 K - a potion of brilliance {unknown}
Books
 o - a book of Summonings

   Spells                             Type                      Level
   Abjuration                         Summoning                    3
   Recall                             Summoning/Translocation      3
   Summon Elemental                   Summoning                    4
   Shadow Creatures                   Summoning                    5
   Summon Demon                       Summoning                    5
   Summon Ugly Thing                  Summoning                    6
 v - a book of Cantrips

   Spells                             Type                      Level
   Confusing Touch                    Hexes                        1
   Animate Skeleton                   Necromancy                   1
   Summon Small Mammal                Summoning                    1
   Apportation                        Translocation                1
Miscellaneous
 l - an ornate deck of summonings {drawn: 7} (in hand)
 p - a plain deck of destruction {drawn: 7}
 A - a plain deck of defence {drawn: 6}
 F - a legendary deck of destruction {drawn: 1}
 J - a legendary deck of escape {drawn: 1}
 N - a plain deck of escape


   Skills:
 + Level 8.2 Fighting
 + Level 10.5 Polearms
 + Level 10.9 Crossbows
 - Level 0.8 Armour
 - Level 2.3 Dodging
 - Level 0.7 Stealth
 + Level 6.8 Evocations


You had 9 spell levels left.
You didn't know any spells.

Dungeon Overview and Level Annotations

Branches:
Dungeon (9/16)             Temple (0/1) D:6
    Orc: D:9-12        Lair: D:8-11

Altars:
Ashenzari
Fedhas
Nemelex Xobeh
Sif Muna

Annotations:
D:5 exclusion: door


Innate Abilities, Weirdness & Mutations

You reflexively headbutt those who attack you in melee.
You have a pair of horns on your head.


Message History

Your vampire mosquito draws strength from the yak's injuries!
The vampire mosquito closely misses your vampire mosquito.
Your vampire mosquito barely misses the vampire mosquito.
Your vampire mosquito completely misses the yak.
The yak barely misses your vampire mosquito.
Your vampire mosquito bites the vampire mosquito!
The vampire mosquito bites your vampire mosquito!
Your vampire mosquito barely misses the yak.
The yak barely misses your vampire mosquito.
The vampire mosquito barely misses your vampire mosquito.
Your vampire mosquito barely misses the vampire mosquito.
Your vampire mosquito bites the yak.
Your vampire mosquito draws strength from the yak's injuries!
Your vampire mosquito completely misses the vampire mosquito.
The vampire mosquito bites your vampire mosquito.
Your vampire mosquito closely misses the yak.
The bolt of lightning hits your vampire mosquito.
The bolt of lightning hits you!
You die...
Your body disappears without a glow.

#+####### #.# #.# #.#
#### #.# #... ####+
#.# #...
.......#####.## #...
......YFYyy#y.########
#...
......Y###yy@>........
+... .....
####.######## #...
.... #.### #### ###
#...# ###.# #.#
######'####### ###
#............#####..
#............'..##..


You could see 2 yaks, a vampire mosquito, a giant frog and 4 friendly vampire
mosquitoes.

Vanquished Creatures
  Pikel (D:8)
  A troll (D:9)
  The ghost of bronies4ever the Covered, an average FoFi (D:4)
  A yak (D:9)
  A necrophage (D:7)
  An orc warrior (D:8)
  4 sky beasts
  A slave (D:8)
  4 ice beasts
  A black bear (D:9)
  A centaur (D:6)
  5 ogres
  4 phantoms
  5 giant frogs
  A troll zombie (D:9)
  A yak skeleton (D:8)
  19 killer bees
  2 quasits
  A goliath beetle (D:7)
  A giant frog zombie (D:8)
  3 crimson imps
  An orc priest (D:3)
  3 iguanas
  A gnoll shaman (D:6)
  3 hounds
  6 scorpions
  6 worker ants
  6 orc wizards
  An orange rat (D:7)
  Ijyb (D:3)
  An ogre zombie (D:9)
  9 gnolls
  4 adders
  A giant centipede (D:5)
  3 green rats (D:7)
  6 giant mites
  An inept feature mimic (D:2)
  3 worms
  A goliath beetle zombie (D:6)
  2 adder skeletons (D:5)
  4 grey rats (D:7)
  3 giant eyeballs
  5 giant geckos
  34 orcs
  A bat skeleton (D:4)
  9 giant cockroaches
  9 goblins
  17 hobgoblins
  11 jackals
  5 quokkas
  A ball python (D:1)
  19 bats
  3 giant newts
  2 giant spores
  3 hobgoblin skeletons
  17 kobolds
  A kobold skeleton (D:5)
  A quokka skeleton (D:5)
  24 rats
  4 ballistomycetes
  A fungus (D:7)
292 creatures vanquished.

Vanquished Creatures (collateral kills)
  Grinder (D:3)
  A soldier ant (D:4)
  A yellow wasp (D:4)
  A centaur (D:6)
  A boring beetle (D:3)
  A phantom (D:4)
  Sigmund (D:5)
  A killer bee (D:5)
  A goliath beetle (D:5)
  An orc priest (D:4)
  2 orc wizards (D:4)
  2 giant mites (D:5)
  An orc (D:4)
  4 giant cockroaches (D:5)
  A giant newt (D:3)
  A kobold (D:4)
  A butterfly (D:6)
22 creatures vanquished.

Vanquished Creatures (others)
  A giant firefly (D:6)
  3 slaves (D:8)
  A yellow wasp (D:4)
5 creatures vanquished.

Grand Total: 319 creatures vanquished

Notes
Turn   | Place    | Note
--------------------------------------------------------------
     0 | D:1      | Piginabag, the Minotaur Hunter, began the quest for the Orb.
     0 | D:1      | Reached XP level 1. HP: 16/16 MP: 1/1
   219 | D:1      | Reached XP level 2. HP: 20/23 MP: 1/1
   266 | D:1      | Reached skill level 5 in Crossbows
   605 | D:2      | Found a sparkling altar of Nemelex Xobeh.
   608 | D:2      | Became a worshipper of Nemelex Xobeh
   621 | D:2      | Reached XP level 3. HP: 19/28 MP: 2/2
   717 | D:2      | Received a gift from Nemelex Xobeh
  1296 | D:2      | Reached XP level 4. HP: 32/35 MP: 2/2
  1557 | D:3      | Reached skill level 6 in Crossbows
  1840 | D:3      | Reached XP level 5. HP: 37/41 MP: 2/2
  1882 | D:3      | Reached skill level 1 in Polearms
  1886 | D:3      | Acquired Nemelex Xobeh's first power
  1899 | D:3      | Noticed Ijyb
  1904 | D:3      | Killed Ijyb
  2005 | D:3      | Reached skill level 7 in Crossbows
  2305 | D:3      | Received a gift from Nemelex Xobeh
  2387 | D:3      | Noticed Grinder
  2396 | D:3      | Killed Grinder
  2396 | D:3      | Reached skill level 1 in Evocations
  2396 | D:3      | Reached XP level 6. HP: 19/50 MP: 2/4
  3110 | D:4      | Found a sparkling altar of Nemelex Xobeh.
  3196 | D:4      | Acquired Nemelex Xobeh's second power
  3452 | D:4      | Noticed bronies4ever's ghost (average FoFi)
  3458 | D:4      | Received a gift from Nemelex Xobeh
  3458 | D:4      | Noticed a soldier ant
  3465 | D:4      | Killed bronies4ever's ghost
  3465 | D:4      | Reached XP level 7. HP: 53/57 MP: 4/5
  3468 | D:4      | Killed a soldier ant
  3472 | D:4      | Reached skill level 8 in Crossbows
  3917 | D:5      | Entered Level 5 of the Dungeon
  3960 | D:5      | Acquired Nemelex Xobeh's third power
  3968 | D:5      | Paralysed by a giant eyeball for 4 turns
  3974 | D:5      | Paralysed by a giant eyeball for 3 turns
  3982 | D:5      | Got a bloodstained chain mail
  3998 | D:5      | Identified the +2 chain mail of the Blacksmith {rC+ MR++ Int+2 Dam+2} (You found it on level 5 of the Dungeon)
  4123 | D:5      | Paralysed by a giant eyeball for 3 turns
  4130 | D:5      | Paralysed by a giant eyeball for 3 turns
  4271 | D:5      | Reached XP level 8. HP: 66/66 MP: 6/6
  4316 | D:5      | Noticed Sigmund
  4323 | D:5      | Killed Sigmund
  4621 | D:5      | Reached skill level 5 in Polearms
  4752 | D:5      | Received a gift from Nemelex Xobeh
  4818 | D:5      | Found a deep blue altar of Sif Muna.
  5136 | D:5      | Paralysed by a potion of paralysis for 5 turns
  5558 | D:6      | Reached skill level 9 in Crossbows
  5699 | D:6      | Found a staircase to the Ecumenical Temple.
  5735 | D:6      | Reached skill level 5 in Fighting
  5753 | D:6      | Acquired Nemelex Xobeh's fourth power
  5776 | D:6      | Received a gift from Nemelex Xobeh
  5807 | D:6      | Paralysed by a giant eyeball for 4 turns
  6047 | D:6      | Received a gift from Nemelex Xobeh
  6710 | D:7      | Reached XP level 9. HP: 74/74 MP: 10/10
  7361 | D:7      | Reached skill level 10 in Crossbows
  7474 | D:7      | Found a blossoming altar of Fedhas.
  7596 | D:8      | Received a gift from Nemelex Xobeh
  7616 | D:8      | Reached skill level 5 in Evocations
  7663 | D:8      | Found a shattered altar of Ashenzari.
  7704 | D:8      | Acquired Nemelex Xobeh's fifth power
  7706 | D:8      | Received a gift from Nemelex Xobeh
  8103 | D:8      | Noticed Pikel
  8342 | D:8      | Received a gift from Nemelex Xobeh
  8345 | D:8      | Killed Pikel
  8345 | D:8      | Reached XP level 10. HP: 77/86 MP: 10/13
  8996 | D:8      | Reached skill level 10 in Polearms
  9398 | D:9      | Killed from afar by a vapour

Action                   |  1- 3 |  4- 6 |  7- 9 | 10-12 || total
-------------------------+-------+-------+-------+-------++-------
Melee: Short sword       |   101 |       |       |       ||   101
       Spear             |     3 |   100 |   358 |   172 ||   633
 Fire: Crossbow          |     2 |    22 |    41 |     8 ||    73
Invok: Draw One          |       |     1 |       |       ||     1
       Peek at Two       |       |       |     2 |     1 ||     3
Evoke: Deck              |     7 |    10 |    29 |     3 ||    49
       Wand              |       |       |       |     3 ||     3
  Use: Scroll            |     2 |       |    15 |       ||    17
       Potion            |       |       |     7 |     1 ||     8
 Stab: Distracted        |       |     1 |       |     1 ||     2
